 Dungeon Crawl Stone Soup version 0.29-a0-892-g2c4c91d9db (webtiles) character file.

Game seed: 7559442759450868034

331 nucleargodhead the Trooper (level 6, -3/58 HPs)
             Began as a Minotaur Berserker on July 23, 2022.
             Was a Believer of Trog.
             Slain by a gnoll
             ... wielding a +2 spear of venom
              (4 damage)
             ... on level 4 of the Dungeon.
             The game lasted 00:05:45 (3333 turns).

nucleargodhead the Trooper (Minotaur Berserker)     Turns: 3333, Time: 00:05:46

Health: -3/58      AC:  9    Str: 23    XL:     6   Next: 26%
Magic:  5/5        EV:  4    Int:  4    God:    Trog [**....]
Gold:   201        SH:  0    Dex: 10    Spells: 5/5 levels left

rFire   . . .      SeeInvis .   l - +0 war axe
rCold   . . .      Faith    .   (no shield)
rNeg    . . .      Spirit   .   x - +0 chain mail
rPois   .          Reflect  .   (helmet restricted)
rElec   .          Harm     .   g - +0 cloak
rCorr   .          Rampage  .   (no gloves)
Will    ++...                   (no boots)
Stlth   ..........              (no amulet)
HPRegen 1.19/turn               (no ring)
MPRegen 0.09/turn               (no ring)

@: lethally poisoned (-3 -> -7), about to teleport, strong-willed (expiring), on
berserk cooldown, held, regenerating (expiring), slowed, very slow
A: horns 2, retaliatory headbutt
a: Renounce Religion, Berserk, Trog's Hand


You were on level 4 of the Dungeon.
You worshipped Trog.
Trog was pleased with you.
You visited 1 branch of the dungeon, and saw 4 of its levels.

You collected 201 gold pieces.

Inventory:

Hand Weapons
 a - a +0 hand axe
 l - a +0 war axe (weapon)
 q - a +4 quarterstaff of chaos
 r - a +2 hammer of protection
Armour
 b - a +0 animal skin
 g - a +0 cloak (worn)
 x - a +0 chain mail (worn)
Jewellery
 v - an amulet of faith
Wands
 p - a wand of flame (24)
 w - a wand of mindburst (6)
Scrolls
 c - 3 scrolls of fear
 d - 4 scrolls of identify
 k - a scroll of vulnerability {unknown}
 n - a scroll of brand weapon {unknown}
 o - a scroll of teleportation
 s - 2 scrolls of enchant armour {unknown}
 t - a scroll of summoning {unknown}
 u - a scroll of blinking {unknown}
Potions
 e - a potion of invisibility {unknown}
 f - a potion of resistance {unknown}
 h - 2 potions of might {unknown}
 i - 2 potions of curing {unknown}
 j - a potion of haste {unknown}
 m - 3 potions of flight {unknown}


   Skills:
 + Level 6.5 Fighting
 + Level 6.5 Axes
 - Level 2.4 Armour
 - Level 2.1 Dodging


You had 5 spell levels left.
You didn't know any spells.
Your spell library was empty.

Dungeon Overview and Level Annotations

Branches:
Dungeon (4/15)             Temple (0/1) D:4

Altars:
Zin

Shops:
D:4 (


Innate Abilities, Weirdness & Mutations

You have a pair of horns on your head.
You reflexively headbutt those who attack you in melee.


Message History

The gnoll throws a throwing net.
The throwing net hits you.
You become entangled in the net!
You see here a throwing net.
You tear a large gash into the net.
You shred the net and break free!
You feel your anger nearly subside.
The gnoll throws a throwing net.
The throwing net hits you.
You become entangled in the net!
You struggle against the net.
You are no longer berserk.
You are exhausted.
You feel yourself slow down. The gnoll barely misses you. x2
You struggle against the net.
The gnoll hits you from afar with a +0 halberd.
The gnoll hits you from afar with a +2 spear of venom.
You struggle against the net.
You feel the effects of Trog's Hand fading.
The gnoll hits you from afar with a +0 spear.
The gnoll hits you but does no damage. x2
You are poisoned.
The gnoll hits you but does no damage. The gnoll barely misses you.
The gnoll hits you from afar with a +0 spear.
As you read the scroll labelled DAPPUI AWKYNKI, it crumbles to dust.
It is a scroll of identify.
c - 3 scrolls of fear You feel sick.
The gnoll hits you from afar with a +0 spear.
* * * LOW HITPOINT WARNING * * *
The gnoll hits you from afar with a +0 halberd.
* * * LOW HITPOINT WARNING * * *
The gnoll completely misses you.
As you read the scroll labelled FETHRE WIAT, it crumbles to dust.
You feel strangely unstable.
It was a scroll of teleportation.
You feel sick. The gnoll hits you but does no damage.
The gnoll hits you from afar with a +0 halberd!
* * * LOW HITPOINT WARNING * * *
The gnoll hits you but does no damage.
You are lethally poisoned!
The gnoll hits you from afar with a +2 spear of venom.
You die...

##...##
#.....#
##...## ##.##
#.# #.# #####
##'## ....#
##.[.## ∩##.#
#..@..# ..#
#.......# ..#
#...ggg......
..#
+............
..#
#.........###
(.#
##........#
88#
##....>#.#
### ##...##.#


You could see 3 gnolls.

Vanquished Creatures
  Blork the orc (D:4)
  Crazy Yiuf (D:2)
  An orc priest (D:4)
  Ijyb (D:4)
  Natasha (thrice) (D:2)
  A gnoll (D:1)
  4 adders
  A worm (D:2)
  A dart slug (D:1)
  An orc (D:3)
  7 endoplasms
  A giant cockroach (D:3)
  4 hobgoblins
  3 jackals (D:1)
  3 kobolds
  2 quokkas
  10 ball pythons
  5 bats
  7 frilled lizards
  6 goblins
  4 rats
67 creatures vanquished.

Notes
Turn   | Place    | Note
-------+----------+-------------------------------------------
     0 | D:1      | nucleargodhead the Minotaur Berserker began the quest for
                  | the Orb.
     0 | D:1      | Reached XP level 1. HP: 19/19 MP: 0/0
   152 | D:1      | Reached XP level 2. HP: 20/27 MP: 1/1
   680 | D:1      | Reached XP level 3. HP: 29/34 MP: 2/2
  1509 | D:2      | Noticed Natasha
  1516 | D:2      | Killed Natasha
  1517 | D:2      | Reached skill level 5 in Fighting
  1517 | D:2      | Reached skill level 5 in Axes
  1517 | D:2      | Reached XP level 4. HP: 25/42 MP: 3/3
  1745 | D:2      | Noticed Natasha
  1753 | D:2      | Killed Natasha
  1757 | D:2      | Found a faded altar of an unknown god.
  1764 | D:2      | Reached ** piety under Trog
  1807 | D:2      | Noticed Natasha
  1815 | D:2      | Killed Natasha
  2092 | D:2      | Found a runed translucent door.
  2093 | D:2      | Noticed Crazy Yiuf
  2172 | D:2      | Reached XP level 5. HP: 43/48 MP: 4/4
  2322 | D:2      | Killed Crazy Yiuf
  3029 | D:4      | Found Miat Nugru's Firing Range.
  3047 | D:4      | Found a glowing silver altar of Zin.
  3068 | D:4      | Noticed Blork the orc
  3077 | D:4      | Killed Blork the orc
  3192 | D:4      | Found a staircase to the Ecumenical Temple.
  3200 | D:4      | Reached XP level 6. HP: 29/58 MP: 5/5
  3272 | D:4      | Noticed Ijyb
  3282 | D:4      | Killed Ijyb
  3333 | D:4      | HP: 1/58 [gnoll/+0 halberd (10)]
  3333 | D:4      | Slain by a gnoll

Illustrated notes

Levels and vault maps discovered:
D:1:      erik_arrival_cave_to_civilisation [erik_arrival_cave_to_hall],
          layout_basic, minmay_misc_feat_more_columns
D:2:      layout_rooms, hellmonk_ecumenical_altar_lost_god,
          uniq_crazy_yiuf_cottage, uniq_natasha
D:3:      layout_basic
D:4:      layout_loops_corners, mainiacjoe_overflow_six_doors_small,
          minmay_temple_entry_proselytizer, serial_shops, nicolae_stop_n_shop_1,
          portal_sewer_entry_e, nicolae_shop_firing_range, uniq_blork_the_orc,
          uniq_ijyb

Skill      XL: |  1  2  3  4  5 |
---------------+----------------+-----
Fighting       | 4 5 6 |  6.5
Axes           | 4 5 6 |  6.5
Armour         | |  2.4
Dodging        | |  2.1

Action                   |  1- 3 |  4- 6 || total
-------------------------+-------+-------++-------
Melee: Hand axe          |    54 |    13 ||    67
       Headbutt          |     5 |    10 ||    15
       War axe           |       |    69 ||    69
Invok: Berserk           |     1 |     5 ||     6
       Trog's Hand       |       |     2 ||     2
  Use: Scroll            |       |     2 ||     2
Armor: Animal skin       |    11 |    20 ||    31
       Chain mail        |       |    12 ||    12
Dodge: Dodged            |    35 |    64 ||    99

Table legend: (Time is in decaauts)
 A = Elapsed time spent in this place.
 B = Non-inter-level travel time spent in this place.
 C = Inter-level travel time spent in this place.
 D = Time resting spent in this place.
 E = Time spent auto-exploring this place.
 F = Levels seen in this place.
 G = Mean time per level.
                   A        B        C        D        E       F      G
               +--------+--------+--------+--------+--------+-----+--------+
         Total |   3415 |   3343 |     72 |    345 |   2337 |   4 |  853.8 |
       Dungeon |   3415 |   3343 |     72 |    345 |   2337 |   4 |  853.8 |
               +--------+--------+--------+--------+--------+-----+--------+

Top non-repeatable levels by time:
     D:1: 1446 daAuts
     D:2: 1017 daAuts
     D:3: 622 daAuts
     D:4: 329 daAuts
